 Dungeon Crawl Stone Soup version 0.27-a0-1334-g2746e35aca (webtiles) character file.

Game seed: 3337106715641309499

972 Delamore the Cutter (level 8, 0/54 HPs)
             Began as an Octopode Brigand on June 26, 2021.
             Slain by Menkaure (2 damage)
             ... on level 6 of the Dungeon.
             The game lasted 00:04:53 (6028 turns).

Delamore the Cutter (Octopode Brigand)              Turns: 6028, Time: 00:04:54

Health: 0/54       AC:  1    Str: 10    XL:     8   Next: 16%
Magic:  8/8        EV: 15    Int: 13    God:
Gold:   218        SH:  0    Dex: 16    Spells: 7/7 levels left

rFire    + . .     SeeInvis .   a - +2 dagger (freeze)
rCold    . . .     Faith    .   (no shield)
rNeg     . . .     Spirit   .   (helmet restricted)
rPois    .         Reflect  .   (no amulet)
rElec    .         Harm     .   t - ring of protection from fire
rCorr    .         Rampage  .   (no ring)
Will     .....                  (no ring)
Stlth    ++++......             (no ring)
HPRegen  0.18/turn              (no ring)
MPRegen  0.11/turn              (no ring)
                                (no ring)
                                (no ring)

@: attractive, hasted, very quick
A: almost no armour, amphibious, 8 rings, camouflage 1, gelatinous body 1,
(nimble swimmer 1), tentacles
a: no special abilities


You were on level 6 of the Dungeon.
You visited 1 branch of the dungeon, and saw 6 of its levels.

You collected 218 gold pieces.

Inventory:

Hand Weapons
 a - a +2 dagger of freezing (weapon)
Missiles
 b - 4 poisoned darts (quivered)
 c - a throwing net
 h - 2 curare-tipped darts
 m - 13 boomerangs
Jewellery
 t - a ring of protection from fire (left tentacle)
Wands
 k - a wand of polymorph (5)
 l - a wand of flame (32)
 p - a wand of digging (4)
Scrolls
 e - 3 scrolls of enchant weapon
 f - a scroll of vulnerability
 g - 2 scrolls of teleportation
 j - a scroll of amnesia
 n - 2 scrolls of fog
 u - a scroll of identify


   Skills:
 + Level 4.9 Fighting
 * Level 6.7 Short Blades
 - Level 2.0 Throwing
 + Level 4.5 Dodging
 - Level 5.3 Stealth


You had 7 spell levels left.
You didn't know any spells.
Your spell library contained the following spells:

 Spells                   Type           Power      Damage    Failure   Level
 Beastly Appendage        Tmut           0%         N/A       30%         1
 Sting                    Tmut/Pois      0%         1d3       30%         1
 Poisonous Vapours        Pois/Air       0%         N/A       43%         2
 Wereblood                Tmut           0%         N/A       43%         2
 Ignite Poison            Fire/Tmut/Pois 0%         N/A       67%         3
 Mephitic Cloud           Conj/Pois/Air  0%         N/A       67%         3
 Spider Form              Tmut/Pois      0%         N/A       67%         3
 Ice Form                 Ice/Tmut       0%         N/A       97%         4
 Olgreb's Toxic Radiance  Pois           0%         N/A       97%         4


Dungeon Overview and Level Annotations

Branches:
Dungeon (5/15)
 Temple: D:4-7

Altars:
Elyvilon
Yredelemnul

Annotations:
D:6 Menkaure


Innate Abilities, Weirdness & Mutations

You cannot wear most types of armour.
You are amphibious.
You can wear up to eight rings at the same time.
Your skin changes colour to match your surroundings (Stealth+).
Your rubbery body absorbs attacks. (AC +1, EV +1)
((You are camouflaged near water. (Stealth+)))
You have tentacles for arms and can constrict up to eight enemies at once.


Message History

The scorpion barely misses you.
As you read the scroll labelled MEIRISHAUZO, it crumbles to dust.
It is a scroll of enchant armour.
You aren't carrying any armour which can be enchanted further.
You constrict the scorpion. The orc hits you with a +0 club.
* * * LOW HITPOINT WARNING * * *
The scorpion completely misses you.
Menkaure calls on the powers of darkness!
The orc convulses!
The scorpion convulses!
The orc convulses! x2
Your body is wracked with pain!
* * * LOW HITPOINT WARNING * * *
As you read the scroll labelled SOSSEA MERIM, it crumbles to dust.
It is a scroll of brand weapon.
Your +2 dagger is covered with a thin layer of ice!
a - a +2 dagger of freezing (weapon)
You constrict the scorpion. The orc hits you with a +0 club.
* * * LOW HITPOINT WARNING * * *
The scorpion barely misses you.
As you read the scroll labelled ISUFAI WUBRAEHEISH, it crumbles to dust.
Wisps of shadow whirl around you...
The shadows disperse without effect.
It was a scroll of summoning.
You constrict the scorpion. You hit the scorpion but do no damage.
You squeeze the scorpion.
You kill the scorpion!
The orc hits you with a +0 club.
* * * LOW HITPOINT WARNING * * *
Menkaure is pulled toward you!
You hit Menkaure. You grab Menkaure. You squeeze Menkaure.
Menkaure is lightly damaged.
You constrict Menkaure. Menkaure misses you.
You hit Menkaure but do no damage. You squeeze Menkaure, but do no damage.
Menkaure is lightly damaged.
You constrict Menkaure. The orc barely misses you.
You hit Menkaure but do no damage.
Menkaure is moderately damaged.
You constrict Menkaure. You hit Menkaure.
Menkaure is moderately damaged.
You constrict Menkaure, but do no damage.
Menkaure hits you.
You die...

#### ##..#
#....
.$#####.#.#
....#...#o###
........ooo@#
#.......§oM##
#.......#Z##
.........##
#........#
#.......######
.##......#...#
#.#.#..#...# #
###..s...##


You could see Menkaure, 4 orcs and a centaur skeleton.

Vanquished Creatures
  An ice beast (D:5)
  A necrophage (D:4)
  2 ogres
  2 scorpions (D:6)
  A jelly (D:4)
  A centaur skeleton (D:5)
  A hound (D:5)
  An orc wizard (D:5)
  4 iguanas
  A killer bee zombie (D:5)
  13 gnolls
  6 adders
  An ufetubus (D:3)
  An adder skeleton (D:4)
  A worm (D:5)
  2 dart slugs
  4 orcs
  4 ball pythons
  6 endoplasms
  6 giant cockroaches
  2 goblins
  7 hobgoblins
  4 jackals (D:1)
  8 kobolds
  4 quokkas
  4 bats (D:1)
  5 frilled lizards
  6 rats
99 creatures vanquished.

Vanquished Creatures (others)
  4 toadstools (D:1)
4 creatures vanquished.

Grand Total: 103 creatures vanquished

Notes
Turn   | Place    | Note
-------+----------+-------------------------------------------
     0 | D:1      | Delamore the Octopode Brigand began the quest for the Orb.
     0 | D:1      | Reached XP level 1. HP: 14/14 MP: 1/1
   244 | D:1      | Reached XP level 2. HP: 19/19 MP: 2/2
   871 | D:2      | Reached XP level 3. HP: 25/25 MP: 3/3
  1032 | D:2      | Found a faded altar of an unknown god.
  1143 | D:2      | Reached skill level 3 in Short Blades
  1897 | D:2      | Reached XP level 4. HP: 13/30 MP: 4/4
  2845 | D:3      | Found a white marble altar of Elyvilon.
  2906 | D:2      | Reached XP level 5. HP: 8/36 MP: 5/5
  3267 | D:3      | Reached skill level 4 in Short Blades
  3844 | D:4      | Noticed a necrophage
  3846 | D:4      | Killed a necrophage
  3847 | D:4      | Reached XP level 6. HP: 42/42 MP: 6/6
  4205 | D:3      | Reached skill level 5 in Short Blades
  4352 | D:4      | Reached XP level 7. HP: 39/47 MP: 7/7
  4451 | D:4      | Found a basalt altar of Yredelemnul.
  4935 | D:5      | Entered Level 5 of the Dungeon
  5200 | D:5      | Reached skill level 6 in Short Blades
  5837 | D:5      | Reached XP level 8. HP: 41/54 MP: 8/8
  5979 | D:5      | You fall into a shaft and drop 1 floor!
  5979 | D:6      | Noticed Menkaure
  6022 | D:6      | HP: 2/54 [orc (1)]
  6028 | D:6      | Slain by Menkaure

Illustrated notes

Levels and vault maps discovered:
D:1:      ldierk_walled_garden_2, layout_basic
D:2:      layout_basic, ebering_ecumenical_altar_petrified, grunt_ministairs_11,
          minmay_quadrilaterals
D:3:      layout_basic, lemuel_doored_altar
D:4:      layout_rooms, lemuel_crystal_altar, minmay_misc_feat_square
D:5:      layout_basic, nicolae_overflow_hidden_temple,
          amcnicky_mini_corridor_feature, due_unseen_surprise
D:6:      layout_cave_pools, minmay_crossroads, uniq_menkaure

Skill      XL: |  1  2  3  4  5  6  7 |
---------------+----------------------+-----
Short Blades   | 3 4 5 6 |  6.7
Dodging        | 2 3 4 |  4.5
Fighting       | 3 4 |  4.9
Throwing       | |  2.0
Stealth        | |  5.3

Action                   |  1- 3 |  4- 6 |  7- 9 || total
-------------------------+-------+-------+-------++-------
Melee: Dagger            |    66 |   104 |    89 ||   259
       Constrict         |    15 |    24 |    14 ||    53
       Tentacles         |     8 |    19 |    22 ||    49
Throw: Dart              |     7 |    17 |     4 ||    28
       Throwing net      |       |     3 |     1 ||     4
Evoke: Wand              |       |       |     1 ||     1
  Use: Scroll            |       |     5 |     4 ||     9
       Potion            |       |       |     4 ||     4
 Stab: Sleeping          |     5 |    12 |     7 ||    24
Armor: Skin              |    10 |     4 |     5 ||    19
Dodge: Dodged            |    44 |    65 |    51 ||   160

Table legend: (Time is in decaauts)
 A = Elapsed time spent in this place.
 B = Non-inter-level travel time spent in this place.
 C = Inter-level travel time spent in this place.
 D = Time resting spent in this place.
 E = Time spent auto-exploring this place.
 F = Levels seen in this place.
 G = Mean time per level.
                   A        B        C        D        E       F      G
               +--------+--------+--------+--------+--------+-----+--------+
         Total |   5967 |   5822 |    145 |   1569 |   3465 |   6 |  994.5 |
       Dungeon |   5967 |   5822 |    145 |   1569 |   3465 |   6 |  994.5 |
               +--------+--------+--------+--------+--------+-----+--------+

Top non-repeatable levels by time:
     D:2: 1701 daAuts
     D:1: 1340 daAuts
     D:3: 1033 daAuts
     D:5: 1027 daAuts
     D:4: 825 daAuts
     D:6: 39 daAuts
